 Dungeon Crawl Stone Soup version 0.25-a0-547-g27a0b5d1ef (webtiles) character file.

Game seed: 6393867953363948169, levelgen mode: deterministic

47 vurker the Gusty (level 3, 15/15 HPs)
             Began as a Felid Air Elementalist on Feb 22, 2020.
             Quit the game on level 2 of the Dungeon.
             The game lasted 00:03:06 (2820 turns).

vurker the Gusty (Felid Air Elementalist)           Turns: 2820, Time: 00:03:06

Health: 15/15      AC:  1    Str:  4    XL:     3   Next: 48%
Magic:  8/8        EV: 18    Int: 17    God:
Gold:   98         SH:  0    Dex: 16    Spells: 6/7 levels left
                                        Lives:  0   Deaths: 1

rFire    . . .     SeeInvis +   (weapon unavailable)
rCold    . . .     Gourm    .   (shield unavailable)
rNeg     . . .     Faith    .   (armour unavailable)
rPois    .         Spirit   .   (helmet unavailable)
rElec    .         Reflect  .   (cloak unavailable)
rCorr    .         Harm     .   (gloves unavailable)
MR       .....                  (boots unavailable)
Stlth    +++.......             (no amulet)
HPRegen  0.05/turn              (no ring)
MPRegen  0.11/turn              (no ring)

@: quick
A: very small, no armour, no weapons or thrown items, stealth, claws 1, fangs 3,
see invisible, carnivore, speed 1, shaggy fur 1, slow metabolism 1, sharp paws
a: no special abilities


You were on level 2 of the Dungeon.
You were not hungry.

You visited 1 branch of the dungeon, and saw 2 of its levels.

You collected 98 gold pieces.

Inventory:

Scrolls
 a - 2 scrolls of remove curse {unknown}
 d - 2 scrolls of teleportation {unknown}
 f - a scroll of magic mapping {unknown}
 h - 2 scrolls of identify {unknown}
 k - 2 scrolls of noise {unknown}
Potions
 b - a potion of heal wounds {unknown}
 c - 2 potions of curing {unknown}
 g - 2 potions of mutation {unknown}
 i - a potion of ambrosia {unknown}
Comestibles
 e - 7 rations
 j - a chunk of flesh


   Skills:
 + Level 1.5 Fighting
 - Level 2.6 Dodging
 - Level 2.6 Stealth
 * Level 2.9 Spellcasting
 + Level 1.7 Conjurations
 * Level 3.5 Air Magic


You had 6 spell levels left.
You knew the following spells:

 Your Spells              Type           Power        Failure   Level  Hunger
a - Shock                 Conj/Air       ##..         6%          1    None

Your spell library contained the following spells:

 Spells                   Type           Power        Failure   Level  Hunger
 Swiftness                Chrm/Air       #.......     13%         2    ##.....
 Static Discharge         Conj/Air       ##......     19%         3    ###....
 Airstrike                Air            ##........   38%         4    ####...
 Lightning Bolt           Conj/Air       ##........   86%         5    ######.


Dungeon Overview and Level Annotations

Branches:
Dungeon (2/15)

Altars:
Xom

Annotations:
D:2 Crazy Yiuf


Innate Abilities, Weirdness & Mutations

You cannot wear armour.
You are incapable of wielding weapons or throwing items.
Your paws allow you to move quietly. (Stealth)
You have sharp claws.
You have razor-sharp teeth.
You have supernaturally acute eyesight. (SInv)
You are carnivorous and can eat meat at any time.
You cover ground quickly.
You are covered in fur. (AC +1)
You have a slow metabolism.
Your sharp claws are effective at attacking unaware monsters.


Message History

You scratch the fungus but do no damage.
You scratch the fungus. You scratch the fungus.
You destroy the fungus!
You see here a mace.
Found five maces.
Crazy Yiuf shouts!
Crazy Yiuf grits, "Mama tea sing!"
You see here a mace.
Okay, then.
Crazy Yiuf cries, "Proton!"
Found two maces.
You see here a mace.
You open the door.
Aim: Crazy Yiuf, wielding a +4 quarterstaff of chaos and wearing a +0 cloak The zap hits Crazy Yiuf.
Crazy Yiuf says, "Key senile mobile!"
Aim: Crazy Yiuf, wielding a +4 quarterstaff of chaos and wearing a +0 cloak (lightly wounded)
The zap misses Crazy Yiuf.
Crazy Yiuf misses you.
Aim: Crazy Yiuf, wielding a +4 quarterstaff of chaos and wearing a +0 cloak (lightly wounded)
The zap hits Crazy Yiuf.
Crazy Yiuf misses you.
Aim: Crazy Yiuf, wielding a +4 quarterstaff of chaos and wearing a +0 cloak (moderately wounded)
You miscast Shock.
You are very lightly contaminated with residual magic.
Nothing appears to happen.
Crazy Yiuf hits you with a +4 quarterstaff of chaos.
Space warps horribly around you!
Ouch! That really hurt!
* * * LOW HITPOINT WARNING * * *
You see here a mace.
You see here a mace.
Crazy Yiuf flaps his cloak.
Crazy Yiuf says, "Two!"
Your magical contamination has completely faded away.
The zap misses Crazy Yiuf.
The zap hits Crazy Yiuf.
The zap misses Crazy Yiuf. x2
Crazy Yiuf says, "Shower!"
The zap hits Crazy Yiuf. x2; Crazy Yiuf misses you.
You miscast Shock.
You are very lightly contaminated with residual magic.
Nothing appears to happen.
Crazy Yiuf hits you with a +4 quarterstaff of chaos.
* * * LOW HITPOINT WARNING * * *
Crazy Yiuf draws strength from your wounds!
The zap hits Crazy Yiuf. x2
Crazy Yiuf hits you with a +4 quarterstaff of chaos!
You die...
You are now level 3!
You rejoin the land of the living...
Unknown command.

#.. ###.. #..>. #######
#.##. #.....###### #.##.
#####..(.......#####.###
#.........####.........#
#.#...###.# #######.###
#......@..# #...#
#.#.###.### #####
#.#.###.# #
#.......########## ##
##.......#.......# #.
#..####.#.......# ####.
#..####.#.....(.###....
#...(##.#.....รท........
#.##.##.#.......###.##.


There were no monsters in sight!

Vanquished Creatures
  2 adders (D:2)
  A gnoll (D:1)
  A worm (D:2)
  A dart slug (D:1)
  2 leopard geckos (D:1)
  A ball python (D:2)
  6 bats
  4 giant cockroaches
  6 hobgoblins
  11 jackals
  2 quokkas (D:2)
  4 frilled lizards (D:1)
  6 goblins
  12 kobolds
  5 rats
  A fungus (D:2)
65 creatures vanquished.

Notes
Turn   | Place    | Note
-------+----------+-------------------------------------------
     0 | D:1      | vurker the Felid Air Elementalist began the quest for the
                  | Orb.
     0 | D:1      | Reached XP level 1. HP: 7/7 MP: 4/4
   102 | D:1      | Reached skill level 1 in Conjurations
   264 | D:1      | Reached XP level 2. HP: 12/12 MP: 0/6
   408 | D:1      | Reached skill level 3 in Air Magic
   729 | D:1      | Reached XP level 3. HP: 15/15 MP: 5/7
   868 | D:1      | Reached skill level 1 in Fighting
  1948 | D:2      | Reached XP level 4. HP: 19/19 MP: 2/9
  2616 | D:2      | Found a shimmering altar of Xom.
  2779 | D:2      | Found a runed translucent door.
  2780 | D:2      | Noticed Crazy Yiuf
  2819 | D:2      | Slain by Crazy Yiuf
  2820 | D:2      | Reached XP level 3. HP: -4/15 MP: 3/8
  2820 | D:2      | Quit the game

Levels and vault maps discovered:
D:1:      scummos_arrival_simple_fountains, layout_loops_ring
D:2:      layout_loops_cross, lemuel_coloured_pillars_altar, first_ration,
          uniq_crazy_yiuf_cottage

Skill      XL: |  1  2  3 |
---------------+----------+-----
Conjurations   | 1 |  1.7
Air Magic      | 3 |  3.5
Fighting       | 1 |  1.5
Dodging        | |  2.6
Stealth        | |  2.6
Spellcasting   | |  2.9

Action                   |  1- 3 |  4- 6 || total
-------------------------+-------+-------++-------
Melee: Unarmed           |    27 |    28 ||    55
       Bite              |     2 |     5 ||     7
 Cast: Shock             |    93 |    35 ||   128
  Eat: Chunk             |    10 |     2 ||    12
Armor: Skin              |     1 |       ||     1
Dodge: Dodged            |    32 |     4 ||    36

Table legend:
 A = Non-vault XP
 B = Vault XP
 C = Vault XP percentage of total XP
 D = Non-vault monster count
 E = Vault monster count
 F = Vault count percentage of total count
                 A         B        C        D         E       F
            +---------+---------+-------+---------+---------+-------
      Total |     145 |       0 |   0.0 |      64 |       0 |   0.0
            +---------+---------+-------+---------+---------+-------
        D:1 |      71 |       0 |   0.0 |      36 |       0 |   0.0
        D:2 |      74 |       0 |   0.0 |      28 |       0 |   0.0
            +---------+---------+-------+---------+---------+-------
